 Dungeon Crawl Stone Soup version 0.28-a0-1184-g53156a8862 (webtiles) character file.

Game seed: 1052944242063722766

3309 septik the Cleaver (level 9, -6/86 HPs)
             Began as a Minotaur Berserker on Dec 17, 2021.
             Was an Elder of Trog.
             Mangled by Harold (19 damage)
             ... on level 7 of the Dungeon.
             The game lasted 00:07:45 (7389 turns).

septik the Cleaver (Minotaur Berserker)             Turns: 7389, Time: 00:07:45

Health: -6/86      AC:  8    Str: 26    XL:     9   Next: 70%
Magic:  8/8        EV:  9    Int:  4    God:    Trog [****..]
Gold:   185        SH:  0    Dex: 10    Spells: 8/8 levels left

rFire   . . .      SeeInvis .   z - +3 hand axe (venom)
rCold   . . .      Faith    +   (no shield)
rNeg    . . .      Spirit   .   l - +0 chain mail
rPois   .          Reflect  .   (helmet restricted)
rElec   .          Harm     .   (no cloak)
rCorr   .          Rampage  .   (no gloves)
Will    ++...                   (no boots)
Stlth   ..........              c - amulet of faith
HPRegen 1.24/turn               (no ring)
MPRegen 0.11/turn               (no ring)

@: strong-willed, on berserk cooldown, regenerating, slowed, very slow
A: horns 2, retaliatory headbutt
a: Renounce Religion, Berserk, Trog's Hand, Brothers in Arms


You were on level 7 of the Dungeon.
You worshipped Trog.
Trog was greatly pleased with you.
You visited 1 branch of the dungeon, and saw 7 of its levels.

You collected 185 gold pieces.

Inventory:

Hand Weapons
 a - a +0 hand axe
 u - a +0 war axe
 z - a +3 hand axe of venom (weapon)
Missiles
 f - 41 poisoned darts (quivered)
 r - 4 stones
 v - 2 throwing nets
Armour
 l - a +0 chain mail (worn)
Jewellery
 c - an amulet of faith (around neck)
 y - a ring of poison resistance
Wands
 n - a wand of polymorph (14)
Scrolls
 b - 2 scrolls of enchant armour {unknown}
 e - 5 scrolls of identify {unknown}
 i - a scroll of magic mapping {unknown}
 k - a scroll of acquirement {unknown}
 o - a scroll of silence {unknown}
 q - 4 scrolls of vulnerability {unknown}
 t - a scroll of fear {unknown}
 w - a scroll of teleportation {unknown}
 x - a scroll of amnesia {unknown}
Potions
 d - 4 potions of heal wounds {unknown}
 g - a potion of resistance {unknown}
 h - a potion of curing
 j - 2 potions of magic {unknown}
 m - a potion of haste {unknown}
 p - 2 potions of brilliance {unknown}
 s - a potion of attraction {unknown}


   Skills:
 + Level 10.8 Fighting
 + Level 13.2 Axes
 - Level 2.4 Armour
 - Level 2.1 Dodging


You had 8 spell levels left.
You didn't know any spells.
Your spell library was empty.

Dungeon Overview and Level Annotations

Branches:
Dungeon (7/15)             Temple (0/1) D:5

Altars:
Uskayaw

Shops:
D:4 (   D:7 (

Annotations:
D:7 Harold


Innate Abilities, Weirdness & Mutations

You have a pair of horns on your head.
You reflexively headbutt those who attack you in melee.


Message History

You feel sick.
Harold shouts!
You feel sick.
Harold throws a throwing net.
The throwing net hits you.
You become entangled in the net!
You see here a throwing net.
Your skin crawls.
You feel strong-willed.
You feel sick.
You are no longer poisoned.
Unknown command.
Harold fires a harpoon shot at you. The harpoon shot hits you.
You are yanked forward by the harpoon shot.
Unknown command.
You're still recovering from your berserk rage.
You hit Harold.
Harold is poisoned.
Harold is lightly wounded.
Harold drinks a potion.
Harold is healed!
Harold looks more healthy.
You hit Harold but do no damage.
Harold is poisoned.
You headbutt Harold!
Harold is lightly wounded.
Harold closely misses you.
You hit Harold.
Harold looks as sick as possible!
You headbutt Harold.
Harold is lightly wounded.
Harold barely misses you.
You hit Harold but do no damage.
Harold looks as sick as possible!
Harold is moderately wounded.
Harold hits you with a +0 flail!
You slash Harold!
Harold is heavily wounded.
Harold hits you with a +0 flail!
* * * LOW HITPOINT WARNING * * *
You barely miss Harold. You headbutt Harold!
Harold is severely wounded.
Harold hits you with a +0 flail.
* * * LOW HITPOINT WARNING * * *
You hit Harold.
Harold looks as sick as possible!
Your headbutt misses Harold.
Harold is severely wounded.
Harold hits you with a +0 flail!!
You die...

∩.....#..........###..##
#..##......####..#......
#..##......## ##........
...#........###...##..#
.............#....#..##..
........##...#.....#.....
.........##..............
......#...#.#...(..#$....
... ....#.##@###..... ..
..##...##.@....... #..
#......[....... #.
##.<))##....... .
......... ..(....
##.........?.....
##...#.#........
#!...##......#.. ......
s.##.## #


You could see Harold (extremely poisoned).

Vanquished Creatures
  A two-headed ogre (D:6)
  Edmund (D:5)
  A water moccasin (D:7)
  5 black bears
  An orc warrior (D:6)
  An ice beast (D:6)
  3 ogres
  4 centaurs
  A phantom (D:5)
  2 gnoll sergeants
  3 scorpions
  A wyvern zombie (D:6)
  7 wights
  2 hounds (D:5)
  An orc priest (D:6)
  2 centaur skeletons
  Natasha (twice) (D:3)
  An iguana (D:4)
  A killer bee zombie (D:5)
  A hound skeleton (D:4)
  A howler monkey zombie (D:6)
  6 adders
  17 gnolls
  A shadow imp (D:6)
  An ufetubus (D:5)
  2 adder skeletons
  2 worms
  2 dart slugs
  10 orcs
  8 endoplasms
  3 giant cockroaches
  3 goblins
  7 hobgoblins
  7 jackals
  7 quokkas
  5 ball pythons
  3 bats
  5 frilled lizards (D:1)
  8 kobolds
  4 rats
143 creatures vanquished.

Notes
Turn   | Place    | Note
-------+----------+-------------------------------------------
     0 | D:1      | septik the Minotaur Berserker began the quest for the Orb.
     0 | D:1      | Reached XP level 1. HP: 19/19 MP: 0/0
   148 | D:1      | Reached skill level 4 in Axes
   254 | D:1      | Found a faded altar of an unknown god.
   598 | D:1      | Reached XP level 2. HP: 26/26 MP: 1/1
  1052 | D:2      | Reached skill level 5 in Axes
  1270 | D:2      | Reached XP level 3. HP: 27/31 MP: 2/2
  1570 | D:2      | Reached ** piety under Trog
  2093 | D:3      | Reached skill level 6 in Axes
  2093 | D:3      | Reached XP level 4. HP: 39/39 MP: 3/3
  2602 | D:3      | Noticed Natasha
  2609 | D:3      | Killed Natasha
  2935 | D:3      | Noticed Natasha
  2943 | D:3      | Killed Natasha
  2944 | D:3      | Reached skill level 7 in Axes
  2944 | D:3      | Reached XP level 5. HP: 44/45 MP: 4/4
  2979 | D:4      | Noticed a black bear
  2982 | D:4      | Noticed a black bear
  2989 | D:4      | Killed a black bear
  2990 | D:4      | Reached skill level 8 in Axes
  2991 | D:4      | Killed a black bear
  2992 | D:4      | Reached XP level 6. HP: 51/51 MP: 5/5
  3258 | D:4      | Reached skill level 9 in Axes
  3497 | D:4      | Found Ycliarph's Antique Weapon Emporium.
  3561 | D:4      | Reached *** piety under Trog
  3970 | D:5      | Entered Level 5 of the Dungeon
  3979 | D:5      | Reached XP level 7. HP: 60/60 MP: 6/6
  3996 | D:5      | Reached skill level 5 in Fighting
  4158 | D:5      | HP: 4/91 [scorpion (6)]
  4478 | D:5      | Reached skill level 10 in Axes
  4689 | D:5      | Reached XP level 8. HP: 69/71 MP: 7/7
  4851 | D:5      | Found a staircase to the Ecumenical Temple.
  4960 | D:5      | Noticed Edmund
  4971 | D:5      | Killed Edmund
  5119 | D:5      | Found a hide-covered altar of Uskayaw.
  5669 | D:6      | Reached skill level 11 in Axes
  5831 | D:6      | Identified the +1 dagger "Cynirac" {vorpal, *Rage *Slow
                  | rF+++ SInv}
  6239 | D:6      | Reached **** piety under Trog
  6453 | D:6      | Reached XP level 9. HP: 60/83 MP: 8/8
  6555 | D:6      | Noticed a two-headed ogre
  6563 | D:6      | Killed a two-headed ogre
  6564 | D:6      | Reached skill level 12 in Axes
  6900 | D:6      | Reached skill level 10 in Fighting
  7248 | D:7      | Found Suameis's Firing Range.
  7268 | D:7      | Reached skill level 13 in Axes
  7378 | D:7      | Noticed Harold
  7389 | D:7      | Mangled by Harold

Illustrated notes

Levels and vault maps discovered:
D:1:      kennysheep_arrival_forest, layout_basic,
          hellmonk_ecumenical_altar_pennies_from_heaven, palyth_stone_intersect,
          minmay_surrounded
D:2:      layout_loops_cross
D:3:      layout_basic, uniq_natasha
D:4:      layout_cave_pools, serial_shops, nicolae_take_the_stairs
D:5:      layout_gridville, nicolae_uskayaw_suspiria, temple_statues,
          hangedman_abyss_or_decor_stabs, uniq_edmund
D:6:      layout_basic
D:7:      layout_cave_pools, nicolae_shop_firing_range, uniq_harold

Skill      XL: |  1  2  3  4  5  6  7  8  9 |
---------------+----------------------------+-----
Axes           | 4 5 6 7 8 9 10 11 13 | 13.2
Fighting       | 4 6 9 10 | 10.8
Armour         | |  2.4
Dodging        | |  2.1

Action                   |  1- 3 |  4- 6 |  7- 9 || total
-------------------------+-------+-------+-------++-------
Melee: Hand axe          |    87 |   101 |    93 ||   281
       Headbutt          |     8 |    24 |    47 ||    79
       War axe           |       |       |   106 ||   106
Invok: Berserk           |     2 |     2 |     7 ||    11
       Trog's Hand       |       |       |     2 ||     2
 Stab: Sleeping          |     1 |       |       ||     1
Armor: Animal skin       |     6 |       |       ||     6
       Chain mail        |     3 |    38 |    66 ||   107
Dodge: Dodged            |    58 |    37 |    90 ||   185

Table legend: (Time is in decaauts)
 A = Elapsed time spent in this place.
 B = Non-inter-level travel time spent in this place.
 C = Inter-level travel time spent in this place.
 D = Time resting spent in this place.
 E = Time spent auto-exploring this place.
 F = Levels seen in this place.
 G = Mean time per level.
                   A        B        C        D        E       F      G
               +--------+--------+--------+--------+--------+-----+--------+
         Total |   7465 |   7294 |    171 |    815 |   5558 |   7 | 1066.4 |
       Dungeon |   7465 |   7294 |    171 |    815 |   5558 |   7 | 1066.4 |
               +--------+--------+--------+--------+--------+-----+--------+

Top non-repeatable levels by time:
     D:6: 1718 daAuts
     D:5: 1567 daAuts
     D:3: 1448 daAuts
     D:1: 1058 daAuts
     D:2: 934 daAuts
     D:4: 595 daAuts
     D:7: 142 daAuts
